 Dungeon Crawl Stone Soup version 0.28.0 (webtiles) character file.

Game seed: 13242147754633223783

150 issech the Cudgeller (level 5, -2/53 HPs)
             Began as a Troll Monk on Feb 5, 2022.
             Slain by Grinder (4 damage)
             ... in a sewer.
             The game lasted 00:05:37 (1693 turns).

issech the Cudgeller (Troll Monk)                   Turns: 1693, Time: 00:05:38

Health: -2/53      AC:  4    Str: 19      XL:     5   Next: 10%
Magic:  4/4        EV: 10    Int:  6      God:
Gold:   74         SH:  0    Dex: 11 (14) Spells: 4/4 levels left

rFire   . . .      SeeInvis .   a - +0 mace
rCold   . . .      Faith    .   (no shield)
rNeg    . . .      Spirit   .   b - +0 robe
rPois   .          Reflect  .   (helmet restricted)
rElec   .          Harm     .   (no cloak)
rCorr   .          Rampage  .   (gloves unavailable)
Will    .....                   (boots unavailable)
Stlth   +.........              k - amulet of regeneration
HPRegen 1.77/turn               (no ring)
MPRegen 0.09/turn               (no ring)

@: no status effects
A: large, unfitting armour, claws 3, regeneration 1, shaggy fur 1, tough skin 1
a: no special abilities


You were in a sewer.
You visited 1 branch of the dungeon, and saw 3 of its levels.
You also visited: Sewer.

You collected 74 gold pieces.

Inventory:

Hand Weapons
 a - a +0 mace (weapon)
Missiles
 f - 42 stones (quivered)
 g - 44 sling bullets
 j - 27 bolts
 m - 16 poisoned darts
Armour
 b - a +0 robe (worn)
Jewellery
 k - an amulet of regeneration (around neck)
Scrolls
 c - a scroll of magic mapping
 e - a scroll of teleportation
 i - a scroll of holy word
 n - a scroll of torment
Potions
 d - 2 potions of curing
 h - a potion of brilliance {unknown}


   Skills:
 + Level 3.0 Fighting
 + Level 4.2 Maces & Flails
 + Level 3.2 Dodging
 + Level 1.1 Stealth


You had 4 spell levels left.
You didn't know any spells.
Your spell library was empty.

Dungeon Overview and Level Annotations

Branches:
Dungeon (2/15)              Sewer (1/1)

Altars:

Annotations:
Sewer Grinder


Innate Abilities, Weirdness & Mutations

You are too large for most types of armour.
You have claws for hands.
Your natural rate of healing is unusually fast.
You are covered in fur. (AC +1)
You have tough skin. (AC +1)


Message History

Grinder gestures at you.
You suddenly lose the ability to move!
The bat barely misses you. Grinder hits you but does no damage.
The bat hits you but does no damage. Grinder hits you.
You writhe in agony.
The bat hits you. Grinder gestures at you.
You shrug off the repeated paralysis!
The bat hits you but does no damage. Grinder hits you!
You writhe in agony.
You can move again.
You closely miss Grinder.
Grinder is heavily wounded.
The bat hits you but does no damage. Grinder barely misses you.
Unknown command.
You hit Grinder.
Grinder is severely wounded.
The bat hits you but does no damage. The bat closely misses you.
The bat hits you but does no damage. Grinder hits you.
You writhe in agony.
Grinder hits you.
You writhe in agony.
Unknown command.
You sock Grinder!
Grinder is almost dead.
The bat closely misses you. Grinder gestures at you.
You shrug off the repeated paralysis!
You closely miss Grinder.
Grinder is almost dead.
The bat barely misses you. Grinder hits you!
You writhe in agony.
You hit Grinder but do no damage.
Grinder is almost dead.
The bat closely misses you. Grinder gestures at you.
Pain shoots through your body!
* * * LOW HITPOINT WARNING * * *
Unknown command.
You barely miss Grinder.
Grinder is almost dead.
The bat barely misses you. Grinder hits you!
* * * LOW HITPOINT WARNING * * *
You writhe in agony.
You die...

### ######### #≈≈
≈≈≈≈≈≈≈#. #≈≈ ≈≈≈≈≈≈≈≈.
#≈. ≈≈≈≈≈≈≈#.
##≈##################.
#≈≈.).≈≈≈≈≈≈≈≈≈≈≈≈≈≈#.
#≈≈.#.≈≈≈≈≈≈≈≈≈≈≈≈≈≈#.
#≈5.#@b≈≈≈≈≈≈≈≈≈≈≈≈≈#.
#≈≈K#5.≈≈≈≈≈≈≈≈≈≈≈≈≈#.
#≈≈5#..≈≈≈≈≈≈≈≈≈≈≈≈≈#.
#≈≈.#...≈≈≈≈≈≈≈≈≈≈≈ #.
##)####.#≈###≈≈#≈####.
#...#≈≈..)..........#.
.'.5.≈≈≈≈....))........
..#...#≈≈.............#.
§..###.
###.###≈##≈##≈####


You could see Grinder and a bat.

Vanquished Creatures
  2 quasits (Sewer)
  A river rat (D:3)
  4 ufetubi (Sewer)
  A dart slug (D:2)
  5 ball pythons
  2 bats
  6 endoplasms
  2 giant cockroaches (D:3)
  2 goblins (D:2)
  3 hobgoblins
  4 quokkas
  5 frilled lizards
  14 kobolds
  4 rats
55 creatures vanquished.

Vanquished Creatures (others)
  An endoplasm (Sewer)
  A giant cockroach zombie (Sewer)
  2 kobold zombies (Sewer)
4 creatures vanquished.

Grand Total: 59 creatures vanquished

Notes
Turn   | Place    | Note
-------+----------+-------------------------------------------
     0 | D:1      | issech the Troll Monk began the quest for the Orb.
     0 | D:1      | Reached XP level 1. HP: 22/22 MP: 0/0
   265 | D:1      | Reached skill level 3 in Maces & Flails
   268 | D:1      | Reached XP level 2. HP: 29/29 MP: 1/1
  1250 | D:2      | Reached XP level 3. HP: 33/36 MP: 2/2
  1356 | D:2      | You fall into a shaft and drop 1 floor!
  1381 | D:3      | Found a glowing drain.
  1441 | Sewer    | Entered a sewer
  1623 | Sewer    | Reached XP level 4. HP: 40/44 MP: 3/3
  1640 | Sewer    | Reached skill level 4 in Maces & Flails
  1654 | Sewer    | Noticed Grinder
  1668 | Sewer    | Paralysed by Grinder for 7 turns
  1680 | Sewer    | Reached XP level 5. HP: 41/53 MP: 4/4
  1683 | Sewer    | Paralysed by Grinder for 5 turns
  1693 | Sewer    | HP: 2/53 [Grinder (7)]
  1693 | Sewer    | Slain by Grinder

Illustrated notes

Levels and vault maps discovered:
D:1:      minmay_arrival_up_and_down, layout_loops_ring,
          chequers_serial_rivers_micro_c, wander_ebering_terrifying_dragon_lair
D:2:      layout_basic, basic_ecumenical_altar
D:3:      layout_loops_corners, portal_sewer_entry_a
Sewer:    kennysheep_sewer_church

Skill      XL: |  1  2  3  4 |
---------------+-------------+-----
Maces & Flails | 3 4 |  4.2
Dodging        | 3 |  3.2
Fighting       | 3 |  3.0
Stealth        | |  1.1

Action                   |  1- 3 |  4- 6 || total
-------------------------+-------+-------++-------
Melee: Mace              |   148 |    34 ||   182
  Use: Scroll            |     5 |       ||     5
 Stab: Sleeping          |     2 |       ||     2
Armor: Robe              |    70 |    48 ||   118
Dodge: Dodged            |    89 |    43 ||   132
